 Dungeon Crawl Stone Soup version 0.24-a0-583-g87330a4 (webtiles) character file.

Game seed: 16864456082279744499, levelgen mode: deterministic

303 Spazmo the Cudgeler (level 6, 0/58 HPs)
             Began as a Minotaur Berserker on Aug 27, 2019.
             Was a Priest of Trog.
             Slain by a gnoll
             ... wielding a cursed -1 spear
              (3 damage)
             ... on level 4 of the Dungeon.
             The game lasted 00:06:47 (2327 turns).

Spazmo the Cudgeler (Minotaur Berserker)            Turns: 2327, Time: 00:06:48

Health: 0/58       AC:  6    Str: 26    XL:     6   Next: 15%
Magic:  5/5        EV: 11    Int:  4    God:    Trog [***...]
Gold:   127        SH:  0    Dex: 10    Spells: 5/5 levels left

rFire    . . .     SeeInvis .   a - +0 mace
rCold    . . .     Gourm    .   (no shield)
rNeg     . . .     Faith    .   j - +0 ring mail
rPois    .         Spirit   .   (helmet restricted)
rElec    .         Reflect  .   (no cloak)
rCorr    .         Harm     .   (no gloves)
MR       .....                  o - +0 pair of boots
Stlth    ..........             (no amulet)
HPRegen  0.19/turn              b - +3 ring of strength
MPRegen  0.09/turn              (no ring)

@: no status effects
A: retaliatory headbutt, horns 2
a: Berserk, Trog's Hand, Renounce Religion


You were on level 4 of the Dungeon.
You worshipped Trog.
Trog was most pleased with you.
You were not hungry.

You visited 1 branch of the dungeon, and saw 4 of its levels.

You collected 127 gold pieces.

Inventory:

Hand Weapons
 a - a +0 mace (weapon)
 l - a +0 hand axe
Missiles
 d - 145 stones (quivered)
Armour
 j - a +0 ring mail (worn)
 o - a +0 pair of boots (worn)
Jewellery
 b - a +3 ring of strength (left hand)
Wands
 q - a wand of acid (11)
 r - a wand of iceblast (10)
Scrolls
 g - 2 scrolls of remove curse
 m - a scroll of identify
 s - a scroll of noise {unknown}
 t - a scroll of teleportation
Potions
 e - 3 potions of curing
 f - a potion of heal wounds {unknown}
 h - 2 potions of might
 i - 3 potions of flight
 n - a potion of degeneration {unknown}
 p - a potion of haste {unknown}
Comestibles
 c - 9 rations


   Skills:
 + Level 6.4 Fighting
 + Level 6.4 Maces & Flails
 - Level 2.4 Armour
 - Level 2.1 Dodging


You had 5 spell levels left.
You didn't know any spells.
Your spell library was empty.

Dungeon Overview and Level Annotations

Branches:
Dungeon (4/15)
 Temple: D:4-7

Altars:
Cheibriados
Elyvilon
Xom
Zin


Innate Abilities, Weirdness & Mutations

You reflexively headbutt those who attack you in melee.
You have a pair of horns on your head.


Message History

The hound is almost dead.
The hound barely misses you. The gnoll barely misses you.
The hound barely misses you. You furiously retaliate!
You headbutt the hound!
You kill the hound!
Trog accepts your kill.
You are too injured to fight recklessly!
The gnoll misses you.
There is an open door, spattered with blood here.
Things that are here:
a hound corpse x2
You closely miss the gnoll.
The gnoll hits you with a cursed -1 spear.
* * * LOW HITPOINT WARNING * * *
You barely miss the gnoll.
The gnoll hits you with a cursed -1 spear.
* * * LOW HITPOINT WARNING * * *
You sock the gnoll!
The gnoll is heavily wounded.
The gnoll hits you with a cursed -1 spear.
You die...

########### #.........#
#.........# #####
#.........# +...#
#.........# #...#
###.........## +.g.# ..
#............###@###..)#
#..............P.P.....+
#......................#
#......................#
#......................#
#......................#
..######################
..#...................#
..#...................#


You could see a gnoll.

Vanquished Creatures
  A scorpion (D:4)
  2 hounds (D:4)
  A worker ant (D:4)
  A hound zombie (D:2)
  6 adders
  2 shadow imps (D:3)
  An ooze (D:2)
  4 worms
  2 dart slugs (D:1)
  2 leopard geckos
  5 giant cockroaches
  4 goblins
  8 hobgoblins
  8 jackals
  12 kobolds
  A ball python (D:1)
  8 bats
  2 frilled lizards
  6 rats
76 creatures vanquished.

Notes
Turn   | Place    | Note
-------+----------+-------------------------------------------
     0 | D:1      | Spazmo the Minotaur Berserker began the quest for the Orb.
     0 | D:1      | Reached XP level 1. HP: 19/19 MP: 0/0
   113 | D:1      | Reached XP level 2. HP: 27/27 MP: 1/1
   398 | D:1      | Reached ** piety under Trog
   516 | D:1      | Reached XP level 3. HP: 22/34 MP: 2/2
   532 | D:1      | Found a shimmering altar of Xom.
   534 | D:1      | Found a shimmering altar of Xom.
   534 | D:1      | Found a stormy altar of Qazlal.
   536 | D:1      | Found a glowing silver altar of Zin.
   536 | D:1      | Found a snail-covered altar of Cheibriados.
   536 | D:1      | Found a white marble altar of Elyvilon.
  1057 | D:2      | Reached XP level 4. HP: 36/41 MP: 3/3
  1060 | D:2      | Reached skill level 5 in Fighting
  1069 | D:2      | Reached skill level 5 in Maces & Flails
  1571 | D:3      | Reached *** piety under Trog
  1571 | D:3      | Reached XP level 5. HP: 46/48 MP: 4/4
  2316 | D:4      | Reached XP level 6. HP: 19/58 MP: 5/5
  2327 | D:4      | Slain by a gnoll

Levels and vault maps discovered:
D:1:      dpeg_arrival_court, layout_loops_ring, minivault_24,
          nrook_loot_triangle, chequers_jeans, st_stairs_5, doesnt_xom_only_xom
D:2:      layout_basic
D:3:      layout_basic
D:4:      layout_gridville, first_ration, cheibrodos_gnoll_hut

Skill      XL: |  1  2  3  4  5 |
---------------+----------------+-----
Fighting       | 4 5 6 |  6.4
Maces & Flails | 4 5 6 |  6.4
Armour         | |  2.4
Dodging        | |  2.1

Action                   |  1- 3 |  4- 6 || total
-------------------------+-------+-------++-------
Melee: Mace              |    87 |    98 ||   185
       Headbutt          |     9 |    21 ||    30
  Use: Scroll            |     4 |     4 ||     8
       Potion            |     1 |     1 ||     2
  Eat: Chunk             |     1 |     4 ||     5
Armor: Ring mail         |    27 |    40 ||    67
       Animal skin       |     1 |       ||     1
Dodge: Dodged            |    53 |    64 ||   117

Table legend:
 A = Non-vault XP
 B = Vault XP
 C = Vault XP percentage of total XP
 D = Non-vault monster count
 E = Vault monster count
 F = Vault count percentage of total count
                 A         B        C        D         E       F
            +---------+---------+-------+---------+---------+-------
      Total |     345 |      89 |  20.5 |      72 |       4 |   5.3
            +---------+---------+-------+---------+---------+-------
        D:1 |      45 |       4 |   8.2 |      28 |       2 |   6.7
        D:2 |     115 |       0 |   0.0 |      27 |       0 |   0.0
        D:3 |      79 |       0 |   0.0 |      14 |       0 |   0.0
        D:4 |     106 |      85 |  44.5 |       3 |       2 |  40.0
            +---------+---------+-------+---------+---------+-------
